AoeStats
← vululsss

MegaRandom

510266102Analyzed
4v4 RM · 1d ago on Sep 30, 2026· 62m 10s· 8 players
Game mode
Random Map
Map size
Large (8 player)
Population
200
Speed
Normal
Resources
Standard
Victory
Conquest
Starting age
Dark Age
Ending age
Imperial Age
RankedLock teamsTeams togetherTeam positionsShared explorationLock speedFull tech treeHidden civsTurbo modeCheats
Victory
Defeat
🇳🇱 Poles · Netherlands
1200
+17
🇹🇼 Magyars · Taiwan
1186
+18
🇨🇳 Vietnamese · China
1172
+19
🇨🇭 Mongols · Switzerland
1124
+20
🇦🇿 Spanish · Azerbaijan
1267
-19
🇨🇳 Persians · China
1241
-19
🇨🇳 Varangians · China
1228
-19
🇭🇰 Poles · Hong Kong SAR China
1177
-17
axjhbl90
7:57 Loom
13:37 Feudal Age
14:55 Wheelbarrow
14:23 Double-Bit Axe
18:47 Forging
20:24 Bloodlines
21:24 Scale Barding Armor
25:37 Castle Age
28:32 Fletching
28:11 Crossbowman
32:08 Bow Saw
32:06 Padded Archer Armor
35:14 Bodkin Arrow
36:21 Ballistics
37:08 Leather Archer Armor
37:14 Pikeman
37:55 Scale Mail Armor
41:25 Hand Cart
41:27 Chain Mail Armor
43:46 Iron Casting
45:21 Squires
49:02 Imperial Age
49:04 Arbalester
49:46 Bracer
50:16 Ring Archer Armor
49:54 Thumb Ring
49:25 Capped Ram
52:34 Chemistry
57:10 Chain Barding Armor
62:54 Plate Barding Armor
deRoode
11:07 Loom
14:35 Feudal Age
15:20 Double-Bit Axe
15:36 Horse Collar
19:47 Forging
25:12 Castle Age
24:43 Wheelbarrow
25:19 Light Cavalry
26:46 Bow Saw
29:00 Scale Barding Armor
30:58 Bloodlines
30:49 Husbandry
30:54 Heavy Plow
32:29 Iron Casting
32:15 Chain Barding Armor
34:52 Pikeman
36:29 Squires
37:01 Fletching
42:42 Imperial Age
43:00 Hand Cart
42:30 Town Watch
43:48 Winged Hussar
45:16 Scale Mail Armor
50:13 Blast Furnace
49:10 Bodkin Arrow
59:30 Crop Rotation
60:34 Bracer
vululsss
5:02 Loom
16:04 Feudal Age
21:19 Castle Age
50:26 Double-Bit Axe
57:39 Padded Archer Armor
57:32 Fletching
61:14 Bodkin Arrow
61:25 Scale Barding Armor
61:36 Leather Archer Armor
61:34 Bloodlines
60:45 Light Cavalry
frickman
6:40 Loom
14:41 Feudal Age
19:21 Castle Age
17:23 Double-Bit Axe
18:37 Horse Collar
24:59 Fletching
28:04 Padded Archer Armor
28:54 Bodkin Arrow
33:10 Leather Archer Armor
33:22 Bloodlines
33:13 Husbandry
34:03 Wheelbarrow
35:15 Hand Cart
36:15 Ballistics
38:56 Imperial Age
36:47 Heavy Plow
37:00 Forging
39:02 Light Cavalry
39:44 Bracer
40:07 Conscription
39:49 Elite Mangudai
41:47 Chemistry
40:40 Pikeman
42:08 Siege Engineers
41:59 Murder Holes
43:47 Caravan
44:54 Iron Casting
47:10 Hoardings
48:49 Scale Mail Armor
51:26 Squires
58:39 Thumb Ring
Ryuuko
13:26 Feudal Age
14:24 Double-Bit Axe
15:24 Horse Collar
17:50 Scale Barding Armor
17:44 Loom
18:38 Bloodlines
22:46 Castle Age
22:00 Forging
23:52 Husbandry
28:13 Bow Saw
29:43 Wheelbarrow
30:47 Chain Barding Armor
30:45 Light Cavalry
31:22 Town Watch
32:52 Iron Casting
32:13 Stone Mining
32:41 Hand Cart
36:34 Heavy Plow
42:02 Imperial Age
40:27 Fervor
42:03 Gold Mining
42:35 Hussar
43:33 Guilds
44:02 Plate Barding Armor
44:28 Blast Furnace
44:41 Two-Man Saw
44:00 Town Patrol
44:38 Conscription
43:48 Cavalier
43:52 Vendel Legacy
46:49 Pikeman
47:29 Squires
47:33 Scale Mail Armor
48:24 Fletching
51:14 Bodkin Arrow
51:22 Elite Skirmisher
Mr.Guo
14:36 Feudal Age
15:31 Double-Bit Axe
19:29 Castle Age
19:47 Loom
20:26 Husbandry
22:31 Wheelbarrow
36:22 Horse Collar
42:02 Imperial Age
40:01 Forging
39:56 Scale Barding Armor
39:49 Light Cavalry
41:47 Bloodlines
43:07 Iron Casting
42:52 Chain Barding Armor
42:18 Hussar
44:20 Stone Mining
44:57 Conscription
45:39 Blast Furnace
44:56 Loom
45:58 Hand Cart
47:17 Town Watch
55:48 Plate Barding Armor
60:11 Heavy Plow
dy小妖
5:47 Loom
15:59 Feudal Age
21:50 Castle Age
20:08 Double-Bit Axe
27:04 Gold Mining
30:14 Bow Saw
41:39 Scale Barding Armor
为何独自愁
5:40 Loom
16:48 Feudal Age
17:37 Double-Bit Axe
17:36 Horse Collar
Connection lost

Rejoining the realm…

Still unreachable

The connection could not be restored.

Session expired

The server has moved on; the page needs a fresh start.